 Dungeon Crawl Stone Soup version 0.17-a0-1446-gc28613e (webtiles) character file.

52 mrath the Ogre Mage (level 3, 0/32 HPs)
             Began as an Ogre Wizard on June 28, 2015.
             Slain by a worm (12 damage)
             ... on level 2 of the Dungeon.
             The game lasted 00:38:08 (1394 turns).

mrath the Ogre Mage (Ogre Wizard)                   Turns: 1394, Time: 00:38:08

Health: 0/32       AC:  3    Str: 12    XL:     3   Next: 85%
Magic:  3/8        EV: 10    Int: 18    God:
Gold:   87         SH:  0    Dex:  8    Spells: 4 memorised, 3 levels left

rFire  . . .     SeeInvis .     p - +0 short sword
rCold  . . .     Clarity  .     a - +0 robe
rNeg   . . .     SustAt   .     (no shield)
rPois  .         Gourm    .     b - +0 hat
rElec  .         Spirit   .     (no cloak)
rCorr  .         Warding  .     (gloves unavailable)
rMut   .         Stasis   .     (boots unavailable)
MR     .....                    (no amulet)
Stlth  +.........               (no ring)
                                (no ring)

@: not resistant to hostile enchantments, very unstealthy
A: unfitting armour, tough skin 1
a: no special abilities


You were on level 2 of the Dungeon.
You were not hungry.

You visited 1 branch of the dungeon, and saw 2 of its levels.

You collected 87 gold pieces.

Inventory:

Hand weapons
 f - a +0 dagger
 p - a +0 short sword (weapon)
Missiles
 e - 3 poisoned needles
 h - 26 bolts
 k - 26 sling bullets
 m - 17 arrows of flame
 n - 9 stones (quivered)
Armour
 a - a +0 robe (worn)
 b - a +0 hat (worn)
Scrolls
 l - a scroll of identify
 o - a scroll of remove curse
 r - a scroll of recharging
Potions
 i - a potion of flight
 q - a potion of lignification {unknown}
Books
 c - a book of Minor Magic

   Spells                             Type                      Level
   a - Magic Dart                     Conjuration                  1
   b - Blink                          Translocation                2
   c - Call Imp                       Summoning                    2
   d - Repel Missiles                 Charms/Air                   2
   e - Slow                           Hexes                        2
   f - Conjure Flame                  Conjuration/Fire             3
   g - Mephitic Cloud                 Conjuration/Poison/Air       3
Comestibles
 d - 3 bread rations
 j - 2 beef jerkies


   Skills:
 + Level 0.6 Fighting
 + Level 2.3 Dodging
 + Level 1.8 Stealth
 + Level 4.4 Spellcasting
 + Level 1.1 Conjurations
 + Level 0.6 Summonings
 + Level 0.6 Translocations


You had 3 spell levels left.
You knew the following spells:

 Your Spells              Type           Power        Failure   Level  Hunger
a - Magic Dart            Conj           #...         12%         1    None
b - Call Imp              Summ           #.......     17%         2    #......
c - Blink                 Tloc           N/A          17%         2    #......
d - Slow                  Hex            #.......     21%         2    #......


Dungeon Overview and Level Annotations

Branches:
Dungeon (2/15)

Altars:


Innate Abilities, Weirdness & Mutations

You are too large for most types of armour.
You have tough skin (AC +1).


Message History

You hit the worm.
The worm is severely wounded.
The worm bites you!
Casting: Magic Dart
Confirm with . or Enter, or press ? or * to list all spells.
Aiming: Magic Dart
Press: ? - help, Shift-Dir - straight line, f/p - worm
Aim: a worm (severely wounded)
The magic dart hits the worm.
The worm is severely wounded.
The worm misses you.
You hit the worm.
The worm is severely wounded.
You hit the worm but do no damage.
The worm is severely wounded.
The worm barely misses you.
You hit the worm.
The worm is severely wounded.
The worm bites you!
You die...

.# .# .# .# †#
#####.##
#########......#
#........@w....#
#.#######......# #.#
######## ### #.# ..#
#.####### #.#
#.##....#
#.######.##....#
.........##....#
.........#.....#######


You could see a worm.

Vanquished Creatures
  2 adders (D:2)
  An ooze (D:1)
  A giant gecko (D:1)
  3 bats (D:1)
  2 giant cockroaches
  3 hobgoblins
  A ball python (D:1)
  2 giant newts (D:1)
  8 goblins
  3 kobolds
  5 rats
31 creatures vanquished.

Vanquished Creatures (collateral kills)
  A hobgoblin (D:2)
  A bat (D:2)
2 creatures vanquished.

Grand Total: 33 creatures vanquished

Notes
Turn   | Place    | Note
--------------------------------------------------------------
     0 | D:1      | mrath the Ogre Wizard began the quest for the Orb.
     0 | D:1      | Reached XP level 1. HP: 16/16 MP: 5/5
   202 | D:1      | Reached skill level 4 in Spellcasting
   203 | D:1      | Reached XP level 2. HP: 12/24 MP: 0/7
   355 | D:1      | Learned a level 2 spell: Call Imp
   358 | D:1      | Learned a level 2 spell: Blink
   361 | D:1      | Learned a level 2 spell: Slow
   741 | D:1      | Reached XP level 3. HP: 31/31 MP: 4/8
  1008 | D:2      | Reached skill level 1 in Conjurations
  1394 | D:2      | Slain by a worm

Vault maps used:
D:1:      scummos_arrival_gate, serial_park_tiny_1
D:2:      ecumenical_altar_1

Action                   || total
-------------------------++-------
Melee: Dagger            ||    27
       Short sword       ||    22
Throw: Stone             ||     5
 Cast: Magic Dart        ||    72
       Call Imp          ||     1
  Use: Scroll            ||     6
  Eat: Meat ration       ||     1
